[Event "GrandPrix_30.05"]
[Site "Chess.com"]
[Date "2020.05.30"]
[Round "1"]
[White "ChessQueen"]
[Black "Azatic"]
[Result "1-0"]
[WhiteElo "2192"]
[BlackElo "2336"]
[TimeControl "600+2"]
[EndTime "8:20:29 PDT"]
[Termination "ChessQueen won by checkmate"]

1. e4 c5 2. c3 d5 3. exd5 Qxd5 4.
d4 Nf6 5. Nf3 e6 6. Be2 Nc6 7.
O-O cxd4 8. cxd4 Be7 9. Nc3 Qd6 10. Nb5 Qd8 11. Bf4 Nd5 12. Bg3 a6 13. Nc3 Nxc3 14. bxc3 O-O 15. Bd3 b5 16. a4 b4 17.
Be4 Bb7 18. cxb4 f5 19. Bxc6 Bxc6 20. Be5 Qd7 21. Qd2 Bxa4 22. Rfc1 Rac8 23. h3 Bb5 24. Bf4 Qd5 25. Ne5 Bf6 26. Rc5 Rxc5 27. bxc5 h6 28. Qa2 Qxa2 29. Rxa2 Rd8 30. c6 g5 31. Nd7 gxf4 32. Nxf6+ Kf7 33. Nd7 Ke7 34.
Nc5 Bxc6 35. Rxa6 Bd5 36. Ra7+ Kd6 37. Nd3 f3 38. Ne5 Rg8 39. Rd7# 1-0

[Event "GrandPrix_30.05"]
[Site "Chess.com"]
[Date "2020.05.30"]
[Round "1"]
[White "gygygygygyggygygygy"]
[Black "BogdanBelyakov89"]
[Result "1/2-1/2"]
[WhiteElo "2001"]
[BlackElo "2251"]
[TimeControl "600+2"]
[EndTime "8:20:30 PDT"]
[Termination "Game drawn by repetition"]

1. e4 e5 2. Nf3 Nc6 3. Nc3 Nf6 4. a3 d5 5. Bb5 Nxe4 6. Nxe5 Qf6 7. Nf3 Nxc3 8.
dxc3 Be6 9. O-O Bd6 10. Nd4 O-O 11. Nxe6 fxe6 12. c4 dxc4 13. Bxc6 bxc6 14. Qg4 c3 15.
bxc3 Qxc3 16. Qxe6+ Kh8 17. Be3 Qxc2 18. Rfc1 Qa4 19. Qc4 Qxc4 20. Rxc4 Rf6 21. g3 a6 22. Rxc6 Kg8 23. a4 Kf7 24. Re1 Re6 25. Rec1 Re4 26. Bc5 Rxa4 27. Bxd6 cxd6 28. Rxd6 Ra7 29. Rcc6 h6 30.
h4 Ra1+ 31. Kg2 a5 32. Ra6 Rxa6 33. Rxa6 a4 34. Kf3 a3 35. Kg2 Ke7 36. Kf3 Kd7 37. Ra7+ Kc6 38. Rxg7 Kb6 39. Rg8 Kb5 40. Ra8 Kb4 41.
g4 Rc1 42. g5 hxg5 43. hxg5 Kb3 44. Rb8+ Ka4 45. Ra8+ Kb3 46. Rb8+ Ka4 47. Ra8+ Kb3 1/2-1/2

[Event "GrandPrix_30.05"]
[Site "Chess.com"]
[Date "2020.05.30"]
[Round "1"]
[White "Karateloru"]
[Black "Fandorine"]
[Result "0-1"]
[WhiteElo "2135"]
[BlackElo "2517"]
[TimeControl "600+2"]
[EndTime "8:20:34 PDT"]
[Termination "Fandorine won by resignation"]

1. e4 c5 2. Nf3 d6 3. Bb5+ Nd7 4. c4 Nf6 5. Nc3 g6 6. O-O Bg7 7. d4 cxd4 8. Qxd4 O-O 9. Bxd7 Bxd7 10. Qd3 Bg4 11.
Bd2 Nd7 12. Rac1 a6 13. h3 Nc5 14. Qe2 Bd7 15. Rfd1 Rc8 16. e5 dxe5 17. Nxe5 Bxe5 18. Qxe5 Nd3 19. Qd4 Be6 20. Nd5 Nxc1 21. Bxc1 Bxd5 22. Bh6 e5 23. Qxe5 f6 24. Qg3 Rxc4 25. Bxf8 Kxf8 26. Qd3 Rc5 27. b4 Rb5 28. Qc3 Qd6 29.
a4 Rxb4 30. Qc8+ Kg7 31. Rc1 Bc6 32. Re1 Re4 33. Rc1 Qe6 34. Qc7+ Qe7 0-1

[Event "GrandPrix_30.05"]
[Site "Chess.com"]
[Date "2020.05.30"]
[Round "1"]
[White "Andrei_Belozerov"]
[Black "Yaroslav_Remizov"]
[Result "0-1"]
[WhiteElo "2462"]
[BlackElo "2246"]
[TimeControl "600+2"]
[EndTime "8:20:35 PDT"]
[Termination "Yaroslav_Remizov won by resignation"]

1. e4 c6 2. d4 d5 3. Nd2 dxe4 4. Nxe4 Nf6 5. Nxf6+ exf6 6. c3 Bd6 7. Bd3 O-O 8.
Qc2 Re8+ 9. Ne2 h5 10. Be3 Nd7 11.
O-O Nf8 12. Rfe1 Qc7 13. h3 Be6 14. c4 Qd7 15. Ng3 h4 16. Nf5 Bc7 17. Nxh4 Bxh3 18. Bf5 Bxf5 19. Qxf5 Qd6 20. g3 g6 21. Qf3 f5 22. Ng2 Qb4 23. b3 Re4 24. Re2 Rae8 25. Bd2 Qd6 26. Bf4 Qxd4 27. Ree1 Bxf4 28. gxf4 Rxe1+ 29. Rxe1 Rxe1+ 30. Nxe1 Ne6 31. Nd3 Qa1+ 32. Kh2 Qxa2 33.
Ne5 Qd2 34. Kg3 Nd4 35. Qh1 Ne2+ 36. Kf3 Qxf4+ 37. Kxe2 Qxe5+ 38. Kd3 Qe4+ 0-1

[Event "GrandPrix_30.05"]
[Site "Chess.com"]
[Date "2020.05.30"]
[Round "1"]
[White "VincentKeymer"]
[Black "vagpat"]
[Result "1-0"]
[WhiteElo "2765"]
[BlackElo "2216"]
[TimeControl "600+2"]
[EndTime "8:20:37 PDT"]
[Termination "VincentKeymer won by resignation"]

1. Nf3 Nf6 2. c4 g6 3. Nc3 Bg7 4. g3 b6 5. Bg2 Bb7 6. O-O O-O 7. d4 Ne4 8. Qd3 Nxc3 9. bxc3 d6 10. e4 Nd7 11. Be3 e5 12. Nd2 f5 13. f4 exf4 14. Bxf4 Kh8 15. Rae1 Rb8 16. Be3 fxe4 17. Nxe4 Nf6 18. Bg5 Bxe4 19. Rxe4 Qd7 20. Ref4 Nh5 21. Rxf8+ Rxf8 22. Rxf8+ Bxf8 23. Qf3 Qe8 24. h3 Ng7 25. Qf6 c6 26. Bxc6 Qe1+ 27. Kg2 Qe2+ 28. Qf2 Qxf2+ 29.
Kxf2 Ne6 30. Bc1 Kg7 31. Kf3 Kf6 32. h4 h6 33. Bd7 Nc7 34. Ke4 g5 35. hxg5+ hxg5 36. a4 Ke7 37. Bh3 Kf6 38. Kf3 Be7 39. Kg4 Ne6 40.
Bg2 Kg6 41. Be4+ Kg7 42. Bd5 Nf8 43. Bxg5 Bxg5 44. Kxg5 Nd7 45. Kf5 Nf6 46. g4 Ne8 47. Ke6 Kg6 48. Ke7 Nf6 49. Kxd6 Nxg4 50. Kc6 Ne3 51.
Kb7 Nd1 52. Kxa7 Nxc3 53. Bc6 Ne2 54. d5 Kf6 55. Kxb6 Ke7 56. a5 1-0

[Event "GrandPrix_30.05"]
[Site "Chess.com"]
[Date "2020.05.30"]
[Round "1"]
[White "DenisQ"]
[Black "Arm-Akiba"]
[Result "0-1"]
[WhiteElo "2241"]
[BlackElo "2894"]
[TimeControl "600+2"]
[EndTime "8:20:41 PDT"]
[Termination "Arm-Akiba won by resignation"]

1. Nf3 d5 2. d4 Nf6 3. c4 e6 4.
Nc3 Bb4 5. cxd5 exd5 6. Bg5 h6 7. Bxf6 Qxf6 8. Qa4+ Nc6 9. e3 O-O 10. Bb5 Bg4 11.
Nd2 Bxc3 12. bxc3 Ne7 13. Bd3 c5 14. O-O c4 15. Bc2 Rfd8 16. Rae1 Bd7 17. Qa3 Ng6 18.
f4 Re8 19. Nf3 Bf5 20. Qb2 Ne7 21. e4 Bxe4 22. Bxe4 dxe4 23. Rxe4 Nd5 24. Rxe8+ Rxe8 25. Ne5 Qb6 26. Qxb6 Nxb6 27. Rb1 f6 28. Nf3 Re3 29. a4 Nxa4 30. Rxb7 Nxc3 31. Rxa7 Nd5 32. Kf2 Re8 33. Rd7 Nxf4 34. Rc7 Re2+ 35. Kg3 Nd5 36. Rxc4 Rxg2+ 37. Kxg2 Ne3+ 38. Kg3 Nxc4 39. Kf4 Kf7 40. d5 Nd6 41. h4 g6 42. Nd4 g5+ 43. Kg4 Kg6 44. hxg5 hxg5 45. Ne6 f5+ 46. Kf3 Kf6 47. Nf8 Ke5 48.
Nh7 Ne4 49. d6 Kxd6 50. Nxg5 Nxg5+ 51. Kf4 Ke6 52. Kxg5 0-1

[Event "GrandPrix_30.05"]
[Site "Chess.com"]
[Date "2020.05.30"]
[Round "1"]
[White "yamalchess"]
[Black "Hakob-Hakobyan-Arm"]
[Result "0-1"]
[WhiteElo "2364"]
[BlackElo "2132"]
[TimeControl "600+2"]
[EndTime "8:20:44 PDT"]
[Termination "Hakob-Hakobyan-Arm won by resignation"]

1. d4 d5 2. c4 c6 3. Nc3 Nf6 4.
Bf4 dxc4 5. e3 b5 6. a4 b4 7. Na2 e6 8. Bxc4 Be7 9. Nf3 Nbd7 10. O-O O-O 11. Nc1 Bb7 12. Nb3 c5 13. a5 a6 14.
Qe2 Nd5 15. Bg3 cxd4 16. exd4 N7f6 17. Ne5 Nd7 18. f4 N7f6 19. Rfe1 g6 20. Nc5 Bxc5 21. dxc5 Qc7 22. c6 Bxc6 23. Rac1 Qb7 24. Bh4 Nxf4 25.
Qf2 N6h5 26. Bg5 Nd5 27. Bh6 Ng7 28. Ng4 f5 29. Ne5 Bb5 30. Bxd5 exd5 31. Rc5 Rfc8 32. Rec1 Ne6 33. R5c2 d4 34. Qe1 Rxc2 35. Rxc2 Qe4 36.
Qc1 Qxe5 37. Rc8+ Rxc8 38. Qxc8+ Kf7 39. Qb7+ Qc7 40. Qd5 Qd7 41. Qe5 d3 42. Qh8 Qd4+ 43. Kh1 Qxh8 0-1

[Event "GrandPrix_30.05"]
[Site "Chess.com"]
[Date "2020.05.30"]
[Round "1"]
[White "GadimbayliA"]
[Black "PotapovaM"]
[Result "1-0"]
[WhiteElo "2529"]
[BlackElo "2148"]
[TimeControl "600+2"]
[EndTime "8:20:49 PDT"]
[Termination "GadimbayliA won by resignation"]

1. e4 c5 2. Nf3 d6 3. d4 cxd4 4.
Nxd4 Nf6 5. Nc3 a6 6. g3 e5 7. Nf3 Be7 8. Bg2 O-O 9. O-O Nbd7 10. Nh4 g6 11. Re1 b5 12. Nf3 Bb7 13. a3 Rc8 14. Nd2 Qb6 15. Nf1 Rfd8 16. Bg5 Kg7 17. Qd2 a5 18. Ne3 b4 19. axb4 axb4 20. Bh6+ Kh8 21.
Ncd5 Bxd5 22. Nxd5 Nxd5 23. Qxd5 Kg8 24. Be3 Qc6 25.
Qxc6 Rxc6 26. Ra7 Kf8 27. Bf1 d5 28. exd5 Rd6 29. Bc4 Nb6 30. Bb3 f5 31. Bc5 Rf6 32. Bxe7+ 1-0

[Event "GrandPrix_30.05"]
[Site "Chess.com"]
[Date "2020.05.30"]
[Round "1"]
[White "Vuk2000"]
[Black "LANCELOT96"]
[Result "0-1"]
[WhiteElo "2315"]
[BlackElo "2153"]
[TimeControl "600+2"]
[EndTime "8:20:57 PDT"]
[Termination "LANCELOT96 won by resignation"]

1. d4 d5 2. Nf3 c6 3. c4 dxc4 4.
a4 b5 5. Nc3 Qb6 6. Bf4 Bb7 7.
e3 a6 8. Be2 Nf6 9. O-O e6 10.
Qc2 Nbd7 11. Ne5 Nxe5 12. Bxe5 Be7 13. Bf3 O-O 14. Rfd1 Nd5 15. Be4 f5 16. Bf3 Nb4 17.
Qd2 Nd3 18. Bg3 c5 19. a5 Qa7 20. d5 e5 21. Be2 e4 22. d6 Bf6 23. f3 Rad8 24. fxe4 fxe4 25. Bg4 Kh8 26. Rab1 Be5 27. Bxe5 Nxe5 28. Be6 Rf6 29. Bh3 Nd3 30. d7 Bc6 31. Rf1 Rxf1+ 32. Rxf1 b4 33. Ne2 Qc7 34. Nf4 Bxd7 35.
Nxd3 Bxh3 36. Qf2 Be6 37. Nf4 Bf7 38. Nh5 Bg8 39. Ng3 Qe5 40. Qc2 Rd3 41. Rf8 Qd5 42. Qf2 c3 43. bxc3 bxc3 44. Qc2 h6 45. Nf5 Rd1+ 46.
Kf2 0-1

[Event "GrandPrix_30.05"]
[Site "Chess.com"]
[Date "2020.05.30"]
[Round "1"]
[White "payto1"]
[Black "MiroVlasenko"]
[Result "1/2-1/2"]
[WhiteElo "2161"]
[BlackElo "2484"]
[TimeControl "600+2"]
[EndTime "8:20:59 PDT"]
[Termination "Game drawn by repetition"]

1. d4 Nf6 2. Bg5 Ne4 3. h4 c5 4. d5 h6 5. Bf4 Qb6 6. Nd2 Qxb2 7.
Nxe4 Qb4+ 8. Qd2 Qxe4 9. Nf3 e6 10. dxe6 dxe6 11. e3 Nc6 12. Bd3 Qb4 13. c3 Qa5 14. O-O Be7 15. Bc2 c4 16. e4 e5 17. Bg3 Bg4 18.
Qd5 Bxf3 19. gxf3 Qxc3 20. Ba4 O-O 21. Bxc6 bxc6 22. Qxe5 Qa3 23. Rac1 Rae8 24. Qc3 Qxa2 25. Qxc4 Qxc4 26. Rxc4 c5 27. Ra1 Ra8 28. Ra6 Rfd8 29. Kf1 Rd7 30. h5 Rb7 31. Bf4 Rb4 32. Rc2 Rb5 33. Be3 Kf8 34. f4 Ke8 35. e5 Kd7 36. f5 Kc7 37. f6 gxf6 38. Bxh6 Rb6 39. Rxb6 axb6 40. Bg7 f5 41. e6 fxe6 42. h6 Bf8 43. Be5+ Bd6 44. Bg7 Bf8 45. Be5+ Bd6 46. Bg7 Bf8 1/2-1/2

[Event "GrandPrix_30.05"]
[Site "Chess.com"]
[Date "2020.05.30"]
[Round "1"]
[White "2346PL"]
[Black "rim1618"]
[Result "0-1"]
[WhiteElo "2083"]
[BlackElo "2422"]
[TimeControl "600+2"]
[EndTime "8:20:59 PDT"]
[Termination "rim1618 won by resignation"]

1. d4 Nf6 2. Bg5 e6 3. Nf3 h6 4.
Bxf6 Qxf6 5. e4 d6 6. Nc3 g5 7. e5 Qe7 8. Bd3 Bg7 9. Qe2 dxe5 10.
Nxe5 Nd7 11. O-O-O Nxe5 12. dxe5 Bd7 13. Qe3 Qb4 14.
g3 Qb6 15. Qe2 O-O-O 16. h4 Bc6 17. Rhf1 g4 18. Be4 Rxd1+ 19. Nxd1 Bb5 20. Bd3 Bxd3 21. cxd3 Qc5+ 22. Kb1 Bxe5 23. Qxg4 Rd8 24. Qc4 Qxc4 25. dxc4 Rd2 26. Re1 Bd6 27. Kc1 Rd4 28. b3 a6 29. Kc2 Bb4 30. Re2 b5 31. Ne3 Kb7 32. Kb2 Kb6 33. a3 Bf8 34. b4 bxc4 35. Kc3 Rd3+ 36. Kxc4 Rxa3 37. Rd2 Bd6 38. Ng4 h5 39. Nf6 Ra4 40. Nxh5 Rxb4+ 41. Kc3 Rb5 42. Ng7 Be5+ 0-1

[Event "GrandPrix_30.05"]
[Site "Chess.com"]
[Date "2020.05.30"]
[Round "1"]
[White "aleksandrovaleksei"]
[Black "Frozygul"]
[Result "1-0"]
[WhiteElo "2498"]
[BlackElo "2117"]
[TimeControl "600+2"]
[EndTime "8:21:22 PDT"]
[Termination "aleksandrovaleksei won by resignation"]

1. d4 d5 2. c4 dxc4 3. Nf3 Nf6 4. e3 e6 5. Bxc4 a6 6. a3 b5 7. Ba2 c5 8. O-O Bb7 9. Qe2 Nbd7 10. Rd1 Rc8 11. Nc3 Qc7 12. d5 exd5 13. Nxd5 Nxd5 14. Bxd5 Bxd5 15. Rxd5 Be7 16. e4 O-O 17. e5 Nb6 18. Rd1 Rfd8 19. Bg5 Bxg5 20. Nxg5 Qe7 21. f4 f6 22. Nf3 fxe5 23. fxe5 Nc4 24. a4 Rxd1+ 25. Rxd1 Re8 26. axb5 axb5 27. Re1 Qb7 28. b3 Na5 29. Qd3 c4 30. bxc4 bxc4 31. Qd4 Qc6 32. e6 c3 33. Qf4 h6 34. Qf7+ Kh7 35. Qf5+ Kg8 36. Qxa5 Rxe6 37. Rxe6 Qxe6 38. Qxc3 Qe2 39. Qe1 Qb5 40.
h3 Kh7 41. Qe4+ Kg8 42. Ne5 Qb1+ 43. Qxb1 1-0

[Event "GrandPrix_30.05"]
[Site "Chess.com"]
[Date "2020.05.30"]
[Round "1"]
[White "Mizner"]
[Black "kpio91"]
[Result "0-1"]
[WhiteElo "2136"]
[BlackElo "2531"]
[TimeControl "600+2"]
[EndTime "8:21:25 PDT"]
[Termination "kpio91 won by resignation"]

1. e4 c5 2. Nf3 d6 3. d4 cxd4 4.
Nxd4 Nf6 5. f3 e5 6. Nb3 d5 7. Bg5 d4 8. c3 Nc6 9. Bb5 h6 10.
Bxf6 Qxf6 11. cxd4 a6 12. dxe5 Qxe5 13. Bxc6+ bxc6 14. Qd4 Qg5 15. O-O Be6 16. N1d2 Be7 17. f4 Qb5 18.
Qxg7 O-O-O 19. f5 Rhg8 20. Qc3 Bb4 21. Qh3 Bd7 22. Rac1 Kb8 23. Nc4 Bc8 24. Qxh6 Rd3 25. Qf4+ Kb7 26. a4 Qxa4 27. Nca5+ Ka8 28. Nxc6 Bb7 29.
Nbd4 Bd2 30. Qc7 Bxc1 31. Rxc1 Rxd4 0-1

[Event "GrandPrix_30.05"]
[Site "Chess.com"]
[Date "2020.05.30"]
[Round "1"]
[White "Kezin_Roman"]
[Black "Karacsonyi_Gellert"]
[Result "0-1"]
[WhiteElo "2503"]
[BlackElo "2210"]
[TimeControl "600+2"]
[EndTime "8:21:34 PDT"]
[Termination "Karacsonyi_Gellert won by resignation"]

1. d4 Nf6 2. c4 e6 3. g3 d5 4. Bg2 dxc4 5. Nf3 Bd7 6. Ne5 Bc6 7. Nxc6 Nxc6 8. O-O Qd7 9. e3 O-O-O 10. Qa4 Nd5 11.
Qxc4 h5 12. Bd2 h4 13. Rc1 hxg3 14. hxg3 f5 15. b4 g5 16. b5 Nce7 17. a4 f4 18.
a5 fxe3 19. fxe3 Nf5 20. b6 Qh7 21. Qxc7+ Nxc7 22. Rxc7+ Qxc7 23. bxc7 Kxc7 24. Nc3 Nxg3 25. Rb1 b6 26. Nb5+ Kd7 27. Nxa7 Bd6 28. Rxb6 Rdf8 29. Rxd6+ Kxd6 30. Bb4+ Kd7 31. Bxf8 Rxf8 32. Bc6+ Kc7 33. Kg2 Nf5 34. Be4 Nxe3+ 35. Kg3 Nf5+ 36. Kg4 Nxd4 37. Kxg5 e5 38. Kg6 Rd8 39. Kf6 Kb8 40. Kxe5 Kxa7 41. Bd5 Nb5 42. Bc4 Ka6 0-1

[Event "GrandPrix_30.05"]
[Site "Chess.com"]
[Date "2020.05.30"]
[Round "1"]
[White "TheEternalPatzer"]
[Black "Nuvas"]
[Result "1-0"]
[WhiteElo "2078"]
[BlackElo "2257"]
[TimeControl "600+2"]
[EndTime "8:21:34 PDT"]
[Termination "TheEternalPatzer won by resignation"]

1. c4 e5 2. Nc3 Nf6 3. Nf3 Nc6 4. e3 Bb4 5. Qc2 Bxc3 6. bxc3 e4 7. Ng5 Qe7 8. f3 exf3 9. Nxf3 O-O 10. Be2 d6 11. O-O Bg4 12. d3 d5 13. cxd5 Nxd5 14.
e4 Qc5+ 15. Kh1 Qxc3 16. Qb1 Nb6 17. Bb2 Qa5 18. a4 Rad8 19. Qc1 Bxf3 20. Rxf3 Nd4 21. Rg3 Qe5 22. a5 Nc8 23. Ra4 c5 24. Rg5 Qe7 25.
Bg4 b6 26. Rc4 f6 27. Rd5 Rxd5 28. exd5 Nd6 29. Bxd4 Nxc4 30. Qxc4 f5 31. Bf3 Kh8 32. Bf2 Qe5 33. h3 Re8 34. axb6 axb6 35. Qb5 Qa1+ 36.
Kh2 Qe5+ 37. Bg3 f4 38. Bf2 Rb8 39. Qc6 1-0

[Event "GrandPrix_30.05"]
[Site "Chess.com"]
[Date "2020.05.30"]
[Round "1"]
[White "nikosgal"]
[Black "WoodlandMagic"]
[Result "0-1"]
[WhiteElo "2286"]
[BlackElo "2094"]
[TimeControl "600+2"]
[EndTime "8:21:36 PDT"]
[Termination "WoodlandMagic won by resignation"]

1. d4 d5 2. c4 c6 3. cxd5 cxd5 4. Nc3 Nf6 5. Bf4 Nc6 6. e3 Bf5 7.
Rc1 Rc8 8. f3 h5 9. Qb3 Na5 10.
Bb5+ Bd7 11. Qa4 a6 12. Bxd7+ Nxd7 13. b4 Nc6 14. Nxd5 e6 15. Nc3 Nxb4 16. Qd1 Qa5 17. Qd2 Nd5 18. Nge2 Bb4 19. O-O Nxc3 20. Kh1 O-O 21.
Nxc3 Bxc3 22. Qf2 Bb4 23. Qg3 Be7 24. e4 Rfe8 25. h4 Bf6 26. e5 Be7 27. Bh6 g6 28.
Rcd1 Qd5 29. f4 Rc4 30. f5 exf5 31. Rxf5 Nf8 32. Be3 Rc3 33. Rf3 Qe4 34. Bf4 Rxf3 35. gxf3 Qd5 36. Be3 Ne6 37. Kh2 Rc8 38. Rd2 Rc3 39.
Re2 Nxd4 0-1

[Event "GrandPrix_30.05"]
[Site "Chess.com"]
[Date "2020.05.30"]
[Round "1"]
[White "Alex_Krayz"]
[Black "francyIM"]
[Result "1/2-1/2"]
[WhiteElo "2194"]
[BlackElo "2570"]
[TimeControl "600+2"]
[EndTime "8:21:39 PDT"]
[Termination "Game drawn by repetition"]

1. e4 e5 2. Nf3 Nc6 3. Bb5 a6 4. Ba4 d6 5. c3 g6 6. O-O Bg7 7. d4 Bd7 8. Re1 Nf6 9. h3 O-O 10. Bb3 h6 11. Nbd2 Re8 12. dxe5 Nxe5 13. Nxe5 dxe5 14. Qf3 Be6 15. Nc4 b5 16. Ne3 Bxb3 17. axb3 Qd3 18. Rd1 Qxe4 19. Qxe4 Nxe4 20. Nd5 Nc5 21. Nxc7 Nxb3 22. Nxe8 Nxa1 23. Nxg7 Kxg7 24. Bxh6+ Kxh6 25. Rxa1 Kg5 26. Kf1 Kf4 27. Ra5 Ke4 28. Ke2 Kd5 29. Kd3 Kc5 30. b4+ Kb6 31. Ke4 Rc8 32. Ra3 f6 33. h4 Rc4+ 34. Kd5 Rxh4 35. Ke6 Rf4 36. Ra2 g5 37. Rd2 g4 38. Rd6+ Kb7 39. Ke7 Rc4 40. Rd7+ Kb6 41. Rd6+ Kb7 42. Rd7+ Kb6 43. Rd6+ Kb7 1/2-1/2

[Event "GrandPrix_30.05"]
[Site "Chess.com"]
[Date "2020.05.30"]
[Round "1"]
[White "Saxar85"]
[Black "AliKa2810"]
[Result "1-0"]
[WhiteElo "2510"]
[BlackElo "2126"]
[TimeControl "600+2"]
[EndTime "8:21:46 PDT"]
[Termination "Saxar85 won by resignation"]

1. Nf3 Nf6 2. g3 g6 3. b3 Bg7 4. Bb2 c5 5. c4 d6 6. Bg2 e5 7. d3 O-O 8. O-O Nc6 9. Nc3 h6 10. e3 Be6 11. d4 cxd4 12. exd4 Bg4 13. h3 Bxf3 14. Bxf3 Qd7 15. dxe5 Nxe5 16. Bg2 Rad8 17. Qc2 Rfe8 18. Rad1 Qc8 19. Nb5 d5 20. Nxa7 Qb8 21.
Nb5 dxc4 22. bxc4 h5 23. c5 Rxd1 24. Rxd1 h4 25. Nd6 Re7 26. g4 Qc7 27. Nb5 Qa5 28.
a4 Nfxg4 29. Bc3 Qa6 30. Rd6 Qa8 31. hxg4 Nxg4 32. Qd1 Bxc3 33. Rd8+ Kg7 34. Rxa8 Re1+ 35. Qxe1 Bxe1 1-0

[Event "GrandPrix_30.05"]
[Site "Chess.com"]
[Date "2020.05.30"]
[Round "1"]
[White "AnotherGrumpy"]
[Black "NikolaN98"]
[Result "1-0"]
[WhiteElo "1993"]
[BlackElo "2143"]
[TimeControl "600+2"]
[EndTime "8:21:46 PDT"]
[Termination "AnotherGrumpy won by checkmate"]

1. d4 e6 2. c4 f5 3. Nc3 Nf6 4. Bg5 Bb4 5. Qc2 b6 6. Nf3 Bb7 7. e3 O-O 8. Bd3 d6 9. O-O-O Bxc3 10. Qxc3 Nbd7 11. Qc2 h6 12. Bh4 Qe8 13. Nd2 Qh5 14.
Bg3 Bxg2 15. Rhg1 Bh3 16. Rde1 e5 17. c5 bxc5 18. dxe5 dxe5 19. Nc4 Rae8 20. Rd1 Kh8 21. Rd2 Bg4 22. a3 Re7 23. Qa4 Nb6 24. Qb5 Nxc4 25. Qxc4 Nd7 26. Bc2 Ref7 27. Rxd7 Rxd7 28. Bxe5 Qf7 29.
Qxc5 Rfd8 30. h3 Qd5 31. Qc3 Re7 32. Bxg7+ Rxg7 33. hxg4 fxg4 34. b4 Qf3 35. Rg3 Qxf2 36. Rxg4 Qf1+ 37. Kb2 Qf7 38. Rg6 Rd6 39. Rg4 Qf6 40.
Rf4 Qxc3+ 41. Kxc3 Re7 42. e4 h5 43. Rh4 Rh6 44. Kd4 Rd7+ 45. Kc5 Rd2 46. Bb3 Rd3 47.
Bd5 Rc3+ 48. Kd4 Rxa3 49. e5 Kg7 50. e6 Rg3 51. Rh1 Kf6 52. Rf1+ Ke7 53. Rf7+ Ke8 54. Bc6+ Kd8 55. e7+ Kc8 56. e8=Q# 1-0

[Event "GrandPrix_30.05"]
[Site "Chess.com"]
[Date "2020.05.30"]
[Round "1"]
[White "troisi"]
[Black "DariaVoit"]
[Result "0-1"]
[WhiteElo "1558"]
[BlackElo "2258"]
[TimeControl "600+2"]
[EndTime "8:21:46 PDT"]
[Termination "DariaVoit won by checkmate"]

1. e4 e6 2. d4 d5 3. Bd3 dxe4 4. Bxe4 Nf6 5. Bf3 c5 6. Ne2 Nc6 7. Be3 Nd5 8. Nbc3 cxd4 9. Nxd5 dxe3 10. Nxe3 Bc5 11. Nc4 O-O 12. O-O Qh4 13. b3 Rd8 14. Qc1 Bd7 15. g3 Qf6 16. Qf4 b5 17. Qxf6 gxf6 18.
Nd2 Rac8 19. Ne4 Be7 20. Bg2 Ne5 21. Rac1 f5 22. N4c3 Ba3 23. Rcd1 Bb2 24. Nb1 Rxc2 25. Nd4 Rcc8 26. Rfe1 Be8 27. Nf3 Nxf3+ 28. Bxf3 Kf8 29. Rxd8 Rxd8 30. Rd1 Rxd1+ 31. Bxd1 Bc6 32. Bc2 Ke7 33. Nd2 Kd6 34. Kf1 Kc5 35. Ke2 Kb4 36. Nb1 h6 37. h4 a5 38. f3 a4 39. bxa4 bxa4 40. g4 fxg4 41. fxg4 f6 42. Nd2 Bd5 43. Bb1 Ka3 44. Kd3 Bxa2 45. Bxa2 Kxa2 46. Kc2 Be5 47. Ne4 f5 48. gxf5 exf5 49. Nf2 f4 50. Nd3 Bd6 51. h5 f3 52. Kc3 Kb1 53. Kd2 a3 54. Ne1 f2 55. Nf3 f1=Q 56. Nd4 Qf2+ 57. Kd3 Qxd4+ 58. Kxd4 a2 59. Ke4 Be7 60. Kf5 Bg5 61. Kg6 a1=Q 62. Kh7 Qd4 63. Kg6 Qd1 64. Kh7 Qxh5 65. Kg7 Kc2 66.
Kg8 Qg6+ 67. Kf8 Qf6+ 68. Kg8 Qe7 69. Kh8 Bf6+ 70. Kg8 Qg7# 0-1

[Event "GrandPrix_30.05"]
[Site "Chess.com"]
[Date "2020.05.30"]
[Round "1"]
[White "PavelShkapenko"]
[Black "Natalya_Buksa"]
[Result "1-0"]
[WhiteElo "2412"]
[BlackElo "2079"]
[TimeControl "600+2"]
[EndTime "8:21:50 PDT"]
[Termination "PavelShkapenko won by resignation"]

1. e4 c5 2. c3 Nf6 3. e5 Nd5 4. d4 cxd4 5. cxd4 Nc6 6. Nc3 Nc7 7. Nf3 d6 8. exd6 exd6 9. d5 Ne5 10. Bf4 Ng6 11. Bg3 Be7 12. Be2 O-O 13. O-O Bf6 14.
Qb3 Re8 15. Rfe1 b6 16. Bc4 Bxc3 17. Rxe8+ Nxe8 18. Qxc3 Bb7 19. Nd4 Rc8 20. Nc6 Qf6 21. Qc2 Bxc6 22. dxc6 Ne5 23. Ba6 Rxc6 24. Qa4 Nc7 25.
Rd1 h5 26. f4 b5 27. Bxb5 Rb6 28. fxe5 dxe5 29. Bd3 g6 30. Qe4 Re6 31. Bc4 Re7 32.
Rf1 Qb6+ 33. Kh1 Qd6 34. Bh4 Rd7 35. Bf6 Ne6 36. Qxe5 Qxe5 37. Bxe5 Rd2 38. Bb3 Kf8 39. Bxe6 1-0

[Event "GrandPrix_30.05"]
[Site "Chess.com"]
[Date "2020.05.30"]
[Round "1"]
[White "Igrok3069"]
[Black "cukus"]
[Result "1-0"]
[WhiteElo "2671"]
[BlackElo "2190"]
[TimeControl "600+2"]
[EndTime "8:22:02 PDT"]
[Termination "Igrok3069 won by checkmate"]

1. d4 Nf6 2. Nf3 g6 3. g3 Bg7 4. Bg2 O-O 5. O-O d6 6. c4 Nc6 7. Nc3 e5 8. dxe5 dxe5 9. Qxd8 Rxd8 10. Bg5 Be6 11. Nd2 h6 12. Bxf6 Rxd2 13. Bxg7 Kxg7 14. b3 Rad8 15. Bxc6 bxc6 16. Rfd1 f5 17. f3 R8d4 18. Kf2 Rc2 19. Rdc1 Rdd2 20. Rxc2 Rxc2 21. Na4 Kf6 22. Nc5 e4 23. fxe4 fxe4 24. Nxe4+ Ke5 25. Ke3 Bg4 26. Nd2 Rc3+ 27. Kf2 Rc2 28. Ke3 Rc3+ 29.
Kf2 Rc2 30. Nf3+ Ke4 31. Ng1 c5 32. Rd1 Rxa2 33. Rd5 Rb2 34. Rxc5 Rxb3 35. h3 Bf5 36. Nf3 Rb2 37. Re5# 1-0

[Event "GrandPrix_30.05"]
[Site "Chess.com"]
[Date "2020.05.30"]
[Round "1"]
[White "Yuri202062"]
[Black "GMStefanova"]
[Result "0-1"]
[WhiteElo "1993"]
[BlackElo "2338"]
[TimeControl "600+2"]
[EndTime "8:22:02 PDT"]
[Termination "GMStefanova won by resignation"]

1. d4 d5 2. c4 c6 3. Nc3 Nf6 4. e3 g6 5. Nf3 Bg7 6. Be2 O-O 7. O-O a6 8. Bd2 b5 9. cxd5 cxd5 10. Ne5 Bb7 11. Nd3 Nbd7 12. a4 bxa4 13. Nxa4 Ne4 14. Bb4 a5 15. Ba3 Re8 16. Ndc5 Ndxc5 17. Nxc5 Nxc5 18.
Bxc5 e5 19. Qa4 exd4 20. Bxd4 Bxd4 21. Qxd4 Re4 22. Qd2 Qb6 23. Rac1 d4 24. exd4 Rxd4 25.
Qe3 Rb4 26. Qxb6 Rxb6 27. Rc2 Be4 28. Rd2 Rab8 29. f3 Bf5 30. g4 Be6 31. Rb1 a4 32. Ra1 Rxb2 33. Rxb2 Rxb2 34. Kf1 Ra2 35. Rd1 a3 36. Rd8+ Kg7 37. Ra8 Ra1+ 38. Kf2 a2 0-1

[Event "GrandPrix_30.05"]
[Site "Chess.com"]
[Date "2020.05.30"]
[Round "1"]
[White "LiamVrolijk"]
[Black "StephenDedalus83"]
[Result "1-0"]
[WhiteElo "2457"]
[BlackElo "2093"]
[TimeControl "600+2"]
[EndTime "8:22:04 PDT"]
[Termination "LiamVrolijk won by resignation"]

1. d4 g6 2. c4 Bg7 3. e4 Nc6 4.
Ne2 d6 5. Nbc3 e5 6. Be3 exd4 7. Nxd4 Nge7 8. h4 f5 9. h5 fxe4 10. hxg6 hxg6 11. Rxh8+ Bxh8 12. Nxe4 d5 13. Nxc6 bxc6 14. Bd4 Bg4 15. Qxg4 Bxd4 16. Nc3 Bxc3+ 17. bxc3 Qd6 18.
Bd3 Kf7 19. Kf1 Rh8 20. Qf3+ Qf6 21. Qxf6+ Kxf6 22. Ke2 Nc8 23. cxd5 cxd5 24. Rb1 Nd6 25. Rb4 Re8+ 26. Kd2 Re7 27. Rf4+ Kg5 28. Rd4 c6 29. c4 Nf5 30. Bxf5 Kxf5 31. cxd5 Rd7 32. d6 Ke5 33. Kc3 Rxd6 34. Rxd6 Kxd6 35. Kc4 g5 36. f3 Ke5 37. g3 Kd6 38. a4 a5 39. f4 gxf4 40. gxf4 Kd7 41. Kc5 Kc7 42. f5 Kd7 43. Kb6 Ke7 44. Kxa5 Kf6 45. Kb6 Kxf5 46. Kxc6 1-0

[Event "GrandPrix_30.05"]
[Site "Chess.com"]
[Date "2020.05.30"]
[Round "1"]
[White "Murad_Ibrahimli"]
[Black "Tyoma88888"]
[Result "1-0"]
[WhiteElo "2613"]
[BlackElo "2171"]
[TimeControl "600+2"]
[EndTime "8:22:07 PDT"]
[Termination "Murad_Ibrahimli won by resignation"]

1. d4 d5 2. c4 e6 3. Nf3 Nf6 4. g3 Be7 5. Bg2 O-O 6. O-O dxc4 7. Qc2 a6 8. a4 Bd7 9. Qxc4 Bc6 10. Bg5 Nbd7 11.
Nc3 h6 12. Bxf6 Nxf6 13. Ne5 Bxg2 14. Kxg2 a5 15. e4 c6 16. Rfd1 Qd6 17. f3 Qb4 18. Rd2 Rfd8 19. Rad1 Rac8 20. Na2 Qb6 21. Nc3 Qb4 22.
Na2 Qb6 23. Qc2 Bb4 24. Nc4 Qa7 25. Nxb4 axb4 26. a5 c5 27. d5 exd5 28. exd5 Ne8 29. d6 Rc6 30. Qf5 Nf6 31. b3 Qb8 32. g4 Qc8 33.
Qxc8 Rcxc8 34. d7 Rc7 35. Nb6 Kf8 36. h4 g5 37. hxg5 hxg5 38. Rd6 Ng8 39. Na8 Rxa8 40. d8=Q+ Rxd8 41. Rxd8+ Kg7 42. R1d7 Rc6 43. Rxb7 Nf6 44. Rb6 Rc7 45. a6 Re7 46. Rb7 Re2+ 47. Kg3 Nd5 48. Rxd5 1-0